 Dungeon Crawl Stone Soup version 0.25.1-2-g60ff931df9 (webtiles) character file.

Game seed: 11682468520911705385

228 Delamore the Cudgeler (level 6, -13/37 HPs)
             Began as a Gargoyle Fighter on Aug 18, 2020.
             Blown up by Ijyb (32 damage)
             ... with a disintegration bolt
             ... on level 3 of the Dungeon.
             The game lasted 00:01:49 (1796 turns).

Delamore the Cudgeler (Gargoyle Fighter)            Turns: 1796, Time: 00:01:49

Health: -13/37     AC: 13    Str: 22    XL:     6   Next: 2%
Magic:  6/6        EV: 11    Int:  8    God:
Gold:   128        SH:  9    Dex:  9    Spells: 5/5 levels left

rFire    . . .     SeeInvis .   h - +2 flail (venom)
rCold    . . .     Gourm    .   c - +0 kite shield
rNeg     + . .     Faith    .   b - +0 scale mail
rPois    ∞         Spirit   .   o - +0 helmet
rElec    +         Reflect  .   (no cloak)
rCorr    .         Harm     .   u - +0 pair of gloves
MR       .....                  (no boots)
Stlth    +.........             (no amulet)
HPRegen  0.12/turn              m - +4 ring of evasion
MPRegen  0.10/turn              i - ring of stealth

@: no status effects
A: negative energy resistance 1, electricity resistance, unbreathing,
petrification resistance, rot immunity, AC +4
a: no special abilities


You were on level 3 of the Dungeon.
You were not hungry.

You visited 1 branch of the dungeon, and saw 3 of its levels.

You collected 128 gold pieces.

Inventory:

Hand Weapons
 a - a +0 flail
 h - a +2 flail of venom (weapon)
Missiles
 g - 12 poisoned darts (quivered)
Armour
 b - a +0 scale mail (worn)
 c - a +0 kite shield (worn)
 o - a +0 helmet (worn)
 u - a +0 pair of gloves (worn)
Jewellery
 i - a ring of stealth (right hand)
 m - a +4 ring of evasion (left hand)
Scrolls
 e - a scroll of noise {unknown}
 j - a scroll of amnesia {unknown}
 l - 3 scrolls of identify {unknown}
 n - a scroll of remove curse {unknown}
 t - a scroll of teleportation {unknown}
 w - a scroll of blinking {unknown}
 x - a scroll of magic mapping {unknown}
 y - a scroll of immolation {unknown}
Potions
 d - a potion of might
 k - a potion of ambrosia {unknown}
 q - a potion of heal wounds {unknown}
 r - a potion of lignification {unknown}
 s - a potion of haste {unknown}
 v - a potion of curing {unknown}
 z - a potion of flight {unknown}
 A - a potion of resistance {unknown}
 B - a potion of cancellation {unknown}
Comestibles
 f - 3 rations
 p - 2 chunks of flesh


   Skills:
 - Level 3.2 Fighting
 + Level 6.1 Maces & Flails
 - Level 3.2 Armour
 - Level 3.2 Shields


You had 5 spell levels left.
You didn't know any spells.
Your spell library was empty.

Dungeon Overview and Level Annotations

Branches:
Dungeon (3/15)

Altars:
Elyvilon
The Shining One

Annotations:
D:3 1 runed translucent door, Crazy Yiuf, Ijyb


Innate Abilities, Weirdness & Mutations

You are resistant to torment.
Your stone body is resilient. (AC +4)
You are immune to poison.
You resist negative energy. (rN+)
You are resistant to electric shocks. (rElec)
You can survive without breathing.
You are immune to petrification.
You are immune to rotting.


Message History

You sock the kobold!
You kill the kobold!
You block the jackal's attack.
Your scale mail prevents you from hitting the quokka.
You block the jackal's attack. The quokka completely misses you.
You block the jackal's attack.
Ijyb screams, "Me very upset!"
You closely miss the quokka. The quokka bites you.
The jackal closely misses you. You block the quokka's attack.
The jackal bites you but does no damage.
You hit the quokka.
You kill the quokka!
The jackal barely misses you.
You closely miss Ijyb.
The jackal bites you but does no damage.
Ijyb hits you with a +1 vampiric dagger.
The jackal bites you.
You closely miss Ijyb.
Ijyb zaps a wand.
You are blasted!
Ouch! That really hurt!
You die...

#......#...........'..........#
..######......#....#.#.###.#.##
.## #.###########.#+###.#)# ##
### #.....#.#.# # #.....#.#.#
#.....#.#.# # # #.......#.#
....#.#####.....###.##
......g@.............###
....#.#h....#######..[.. # #
#.##### ####### #.# ....... #.#
####### #.# #.# #.#


You could see Ijyb and a jackal.

Vanquished Creatures
  A hound (D:3)
  Jessica (D:2)
  Terence (D:2)
  Robin (D:2)
  A gnoll (D:2)
  5 adders
  An ooze (D:2)
  3 worms (D:2)
  A dart slug (D:2)
  A leopard gecko (D:2)
  A ball python (D:2)
  6 bats
  6 giant cockroaches
  8 goblins
  10 hobgoblins
  3 jackals
  3 quokkas
  2 frilled lizards
  7 kobolds
  6 rats
68 creatures vanquished.

Notes
Turn   | Place    | Note
-------+----------+-------------------------------------------
     0 | D:1      | Delamore the Gargoyle Fighter began the quest for the Orb.
     0 | D:1      | Reached XP level 1. HP: 14/14 MP: 1/1
   262 | D:1      | Reached XP level 2. HP: 19/19 MP: 2/2
   695 | D:2      | Noticed Terence
   708 | D:2      | Killed Terence
   708 | D:2      | Reached skill level 3 in Maces & Flails
   708 | D:2      | Reached XP level 3. HP: 14/23 MP: 3/3
   852 | D:2      | Noticed Robin
   860 | D:2      | Reached skill level 4 in Maces & Flails
   877 | D:2      | Reached XP level 4. HP: 23/28 MP: 4/4
   902 | D:2      | Killed Robin
  1108 | D:2      | Noticed Jessica
  1116 | D:2      | Killed Jessica
  1116 | D:2      | Reached skill level 5 in Maces & Flails
  1116 | D:2      | Reached XP level 5. HP: 32/32 MP: 5/5
  1342 | D:2      | Found a white marble altar of Elyvilon.
  1580 | D:3      | Found a runed translucent door.
  1581 | D:3      | Noticed Crazy Yiuf
  1667 | D:3      | Reached skill level 6 in Maces & Flails
  1714 | D:3      | Reached XP level 6. HP: 37/37 MP: 6/6
  1745 | D:3      | Found a glowing golden altar of the Shining One.
  1788 | D:3      | Noticed Ijyb
  1796 | D:3      | Blown up by Ijyb

Illustrated notes

Levels and vault maps discovered:
D:1:      tarquinn_simple_flora_water_e, layout_loops_cross
D:2:      minmay_angry_zag, layout_rooms, overflow_temple_1_default, uniq_robin,
          uniq_terence, uniq_jessica
D:3:      layout_basic, nicolae_tso_swordbearing_angel,
          trog_three_pillars_becter, uniq_ijyb, uniq_crazy_yiuf_cottage,
          uniq_purgy

Skill      XL: |  1  2  3  4  5 |
---------------+----------------+-----
Maces & Flails | 3 4 5 6 |  6.1
Fighting       | |  3.2
Armour         | |  3.2
Shields        | |  3.2

Action                   |  1- 3 |  4- 6 || total
-------------------------+-------+-------++-------
Melee: Flail             |    76 |   121 ||   197
  Eat: Chunk             |       |     3 ||     3
Armor: Scale mail        |    35 |    66 ||   101
Dodge: Dodged            |    35 |    65 ||   100
Block: Kite shield       |    55 |    67 ||   122
